 Dungeon Crawl Stone Soup version 0.28.0-43-g3370ac3207 (webtiles) character file.

Game seed: 13988361960470837716

142 protoss039 the Magician (level 5, -2/28 HPs)
             Began as a Deep Elf Fire Elementalist on Mar 24, 2022.
             Slain by a scorpion (5 damage)
             ... on level 3 of the Dungeon.
             The game lasted 00:04:38 (2747 turns).

protoss039 the Magician (DEFE)                      Turns: 2747, Time: 00:04:38

Health: -2/28      AC:  4    Str:  2 (5)  XL:     5   Next: 4%
Magic:  7/12       EV: 13    Int: 21 (22) God:
Gold:   73         SH:  0    Dex: 14 (15) Spells: 4/13 levels left

rFire   . . .      SeeInvis .   h - +0 short sword (venom)
rCold   . . .      Faith    .   (no shield)
rNeg    . . .      Spirit   .   a - +0 robe
rPois   .          Reflect  .   c - +0 helmet
rElec   .          Harm     .   (no cloak)
rCorr   .          Rampage  .   (no gloves)
Will    .....      Clarity  +   (no boots)
Stlth   ++........              (no amulet)
HPRegen 0.09/turn               (no ring)
MPRegen 0.13/turn               (no ring)

@: lethally poisoned (-2 -> -7), invisible
A: clarity, low MP 1, shaggy fur 1
a: no special abilities


You were on level 3 of the Dungeon.
You visited 1 branch of the dungeon, and saw 3 of its levels.

You collected 73 gold pieces.

Inventory:

Hand Weapons
 h - a +0 short sword of venom (weapon)
Armour
 a - a +0 robe (worn)
 c - a +0 helmet (worn)
Wands
 i - a wand of digging (1)
Scrolls
 d - 3 scrolls of identify {unknown}
 f - 2 scrolls of teleportation {unknown}
Potions
 g - a potion of mutation
 j - a potion of magic {unknown}


   Skills:
 - Level 3.0 Dodging
 - Level 3.0 Stealth
 + Level 4.6 Spellcasting
 + Level 2.5 Conjurations
 + Level 4.5 Fire Magic


You had 4 spell levels left.
You knew the following spells:

 Your Spells              Type           Power      Damage    Failure   Level
a - Foxfire               Conj/Fire      76%        2x1d7     2%          1
b - Scorch                Fire           46%        2d7       2%          2
c - Conjure Flame         Conj/Fire      19%        6-21      8%          3
d - Inner Flame           Hex/Fire       14%        N/A       14%         3

Your spell library contained the following spells:

 Spells                   Type           Power      Damage    Failure   Level
 Sandblast                Erth           8%         2d5       12%         1
 Passwall                 Tmut/Erth      3%         N/A       17%         2
 Stone Arrow              Conj/Erth      20%        3d8       21%         3
 Flame Wave               Conj/Fire      19%        2d6       26%         4
 Freezing Cloud           Conj/Ice/Air   4%         6-21      91%         5
 Simulacrum               Ice/Necr       2%         N/A       100%        6
 Polar Vortex             Ice            2%         N/A       100%        9


Dungeon Overview and Level Annotations

Branches:
Dungeon (3/15)

Altars:


Innate Abilities, Weirdness & Mutations

You possess an exceptional clarity of mind.
Your magical capacity is low. (-10% MP)
You are covered in fur. (AC +1)


Message History

Confirm with . or Enter, or press ? or * to list all spells.
Flames lash the scorpion.
The scorpion is burned terribly!
The scorpion is heavily wounded.
You hear an angry hiss.
The scorpion stings you!
You are poisoned.
The scorpion poisons you!
A ball python comes into view.
The scorpion stings you but does no damage.
Unknown command.
Casting: Scorch (safe; 2% risk of failure)
Confirm with . or Enter, or press ? or * to list all spells.
Flames lash the scorpion.
The scorpion is heavily wounded.
You feel sick. The scorpion stings you.
You are lethally poisoned!
The scorpion poisons you!
Unknown command.
Okay, then.
You feel very sick.
The foxfire hits the scorpion.
The scorpion is burned terribly!
The scorpion is severely wounded.
It was a potion of mutation.
You feel extremely strange.
Your thoughts seem clearer.
Fur sprouts all over your body.
You feel less energetic.
* * * LOW HITPOINT WARNING * * *
You feel sick. The scorpion misses you.
Unknown command.
It was a potion of degeneration.
There was something very wrong with that liquid.
You feel weakened.
You feel dopey.
You feel clumsy.
* * * LOW HITPOINT WARNING * * *
You feel sick. The scorpion closely misses you.
Unknown command.
Unknown command.
It was a potion of invisibility.
You fade into invisibility!
* * * LOW HITPOINT WARNING * * *
You feel sick. The scorpion stings you.
You die...

....... ......
..... #...#
#...### #.....##
#..S...# #
#s#..# #.#.@..#
#.##...#
#....†.# #
###......#
#.##.####.### #.
#.........#
#.#######.#.####
....#...)†##
#..#..#.##


You could see a scorpion (combustible) and a ball python.

Vanquished Creatures
  Terence (D:2)
  Ijyb (D:3)
  A gnoll (D:1)
  3 adders
  A worm (D:2)
  2 dart slugs (D:1)
  3 ball pythons
  8 bats
  4 endoplasms
  2 giant cockroaches
  4 goblins
  4 hobgoblins
  2 jackals (D:1)
  2 quokkas (D:2)
  A frilled lizard (D:1)
  5 kobolds
  4 rats
48 creatures vanquished.

Vanquished Creatures (others)
  197 foxfires
197 creatures vanquished.

Grand Total: 245 creatures vanquished

Notes
Turn   | Place    | Note
-------+----------+-------------------------------------------
     0 | D:1      | protoss039 the Deep Elf Fire Elementalist began the quest
                  | for the Orb.
     0 | D:1      | Reached XP level 1. HP: 10/10 MP: 6/6
   217 | D:1      | Reached XP level 2. HP: 15/15 MP: 1/8
   796 | D:1      | Reached XP level 3. HP: 12/19 MP: 4/9
  1298 | D:1      | Learned a level 2 spell: Scorch
  1304 | D:1      | Learned a level 3 spell: Conjure Flame
  1565 | D:2      | Noticed Terence
  1777 | D:1      | Learned a level 3 spell: Inner Flame
  1783 | D:2      | Killed Terence
  1784 | D:2      | Reached XP level 4. HP: 16/24 MP: 1/12
  2597 | D:3      | Noticed Ijyb
  2605 | D:3      | Killed Ijyb
  2671 | D:3      | Reached XP level 5. HP: 25/28 MP: 8/13
  2745 | D:3      | Gained mutation: You possess an exceptional clarity of
                  | mind. [potion of mutation]
  2745 | D:3      | Gained mutation: You are covered in fur. (AC +1) [potion of
                  | mutation]
  2745 | D:3      | Gained mutation: Your magical capacity is low. (-10% MP)
                  | [potion of mutation]
  2747 | D:3      | Slain by a scorpion

Illustrated notes

Levels and vault maps discovered:
D:1:      minmay_arrival_shattered_statue, layout_basic
D:2:      layout_rooms, uniq_terence
D:3:      layout_loops_cross, basic_ecumenical_altar, serial_shops, shop, shop,
          uniq_robin, uniq_ijyb

Skill      XL: |  1  2  3 |
---------------+----------+-----
Stealth        | 3 |  3.0
Dodging        | 3 |  3.0
Fire Magic     | 4 |  4.5
Conjurations   | 2 |  2.5
Spellcasting   | 4 |  4.6

Action                   |  1- 3 |  4- 6 || total
-------------------------+-------+-------++-------
Melee: Unarmed           |     2 |       ||     2
       Whip              |    13 |       ||    13
       Punch             |     1 |       ||     1
       Dagger            |    30 |     5 ||    35
       Short sword       |       |     4 ||     4
 Cast: Foxfire           |    86 |    30 ||   116
       Scorch            |     3 |     8 ||    11
  Use: Potion            |       |     3 ||     3
 Stab: Sleeping          |     2 |     1 ||     3
Armor: Robe              |    23 |     2 ||    25
Dodge: Dodged            |    44 |     9 ||    53
